[Event "ICCopen2017"]
[Site "Internet Chess Club"]
[Date "2017.03.26"]
[Round "4"]
[White "alan2015"]
[Black "rencoroso"]
[Result "1-0"]
[ICCResult "Black forfeits on time"]
[WhiteElo "1586"]
[BlackElo "2081"]
[Opening "Sicilian: dragon, Yugoslav attack, Rauser variation"]
[ECO "B76"]
[NIC "SI.17"]
[Time "19:41:05"]
[TimeControl "180+0"]

1. e4 c5 2. Nf3 d6 3. d4 cxd4 4. Nxd4 Nf6 5. Nc3 g6 6. Be3 Bg7 7. f3 O-O 8.
Qd2 Nc6 9. O-O-O d5 10. exd5 Nxd5 11. Nxc6 bxc6 12. Bd4 Nxc3 13. Bxc3 Qxd2+
14. Bxd2 Rd8 15. Bd3 Be6 16. b3 a5 17. Be4 Ra6 18. Be3 Rc8 19. Bd4 Bh6+ 20.
Kb2 a4 21. Bc5 axb3 22. axb3 Rca8 23. Bd4 Ra2+ 24. Kc3 Rc8 25. Ra1 Rxa1 26.
Rxa1 c5 27. Be5 c4 28. Ra8 Rxa8 29. Bxa8 cxb3 30. cxb3 Be3 31. b4 Kf8 32.
Bd4 Bf4 33. b5 Bxh2 34. b6 Ke8 35. Kb4 Kd8 36. Bc6 Bc8 37. Kb5 Bb8 38. b7
Bf5 39. Ka6 f6 40. Bb5 Kc7 41. Bb6+ Kd6 42. Ba7 Kc7 43. Bb6+ Kd6 44. Be3 e5
45. g4 Kc7 46. gxf5 gxf5 47. Bb6+ Kd6 48. Ba7 Kc7 49. Bb6+ Kd6 50. Ba7 Kc7
51. Bb6+ Kd6 52. Ba7 Bc7 53. Bb6 Bb8 54. Ba7 Bc7 55. Bb6
{Black forfeits on time}
1-0

[Event "ICCopen2017"]
[Site "Internet Chess Club"]
[Date "2017.03.26"]
[Round "4"]
[White "see101"]
[Black "oli2"]
[Result "0-1"]
[ICCResult "White checkmated"]
[WhiteElo "1384"]
[BlackElo "1665"]
[Opening "Alekhine's defense: four pawns attack, Trifunovic variation"]
[ECO "B03"]
[NIC "AL.07"]
[Time "19:41:26"]
[TimeControl "180+0"]

1. e4 Nf6 2. e5 Nd5 3. d4 d6 4. c4 Nb6 5. f4 Bf5 6. Nf3 e6 7. Nc3 Be7 8. Be2
Nc6 9. O-O O-O 10. Be3 f6 11. d5 exd5 12. Nxd5 Nxd5 13. cxd5 Nb4 14. Nd4
fxe5 15. Nxf5 Rxf5 16. fxe5 Rxf1+ 17. Bxf1 dxe5 18. Qb3 Kh8 19. Bc4 c6 20.
dxc6 Nxc6 21. Rd1 Qc7 22. Bd5 Bf6 23. Rf1 Rd8 24. Be4 Nd4 25. Bxd4 exd4 26.
Qd3 h6 27. Qh3 Qe5 28. Qf5 Qxf5 29. Bxf5 d3 30. Rd1 d2 31. Kf2 Bxb2 32. Be4
Bc1 33. Ke3 Re8 34. Kd3 b6 35. Bf3 Re1 36. Kc2 Re3 37. h3 g5 38. a4 Kg7 39.
Bd5 Re1 40. Bf3 Re5 41. Bc6 Rc5+ 42. Kd3 Rxc6 43. Ke3 Rc4 44. Kd3 Rxa4 45.
Kc2 Rc4+ 46. Kd3 Rc7 47. Ke2 b5 48. Kf1 b4 49. Ke2 b3 50. Kd3 b2 51. Rxc1
bxc1=Q 52. Ke4 d1=Q 53. Ke5 Re7+ 54. Kf5 Qf4# {White checkmated} 0-1

[Event "ICCopen2017"]
[Site "Internet Chess Club"]
[Date "2017.03.26"]
[Round "4"]
[White "Chaos23"]
[Black "blackending"]
[Result "1-0"]
[ICCResult "Black forfeits on time"]
[WhiteElo "1846"]
[BlackElo "1543"]
[Opening "Benko's opening"]
[ECO "A00"]
[NIC "VO.09"]
[Time "19:42:06"]
[TimeControl "180+0"]

1. g3 Nf6 2. Bg2 g6 3. e4 Bg7 4. e5 Ng8 5. d4 d6 6. exd6 cxd6 7. Ne2 e6 8.
O-O Nf6 9. c4 O-O 10. Nbc3 a6 11. Bf4 Nh5 12. Be3 Nc6 13. d5 exd5 14. Nxd5
Be6 15. Rb1 Bxd5 16. cxd5 Ne5 17. Qb3 b5 18. Nd4 Nc4 19. Nc6 Qf6 20. Bd4 Qg5
21. Bxg7 Nxg7 22. a4 Nd2 23. Qb4 Nxb1 24. Rxb1 bxa4 25. Qxd6 Nf5 26. Qb4 Qf6
27. Qxa4 Nd6 28. Qb4 Nb5 29. Rd1 Qd6 30. Qh4 Rac8 31. Ne7+ Kg7 32. Nxc8 Rxc8
33. Qa4 Rc5 34. Re1 {Black forfeits on time} 1-0

[Event "ICCopen2017"]
[Site "Internet Chess Club"]
[Date "2017.03.26"]
[Round "4"]
[White "Peaceful-Death"]
[Black "neverend"]
[Result "0-1"]
[ICCResult "White forfeits on time"]
[WhiteElo "2020"]
[BlackElo "2558"]
[Opening "French: Tarrasch"]
[ECO "C03"]
[NIC "FR.14"]
[Time "19:41:59"]
[TimeControl "180+0"]

1. e4 e6 2. d4 d5 3. Nd2 Be7 4. Ngf3 Nf6 5. Bd3 c5 6. dxc5 dxe4 7. Nxe4 Nxe4
8. Bxe4 Qxd1+ 9. Kxd1 Bxc5 10. Ke2 Nd7 11. Be3 Bxe3 12. Kxe3 Nc5 13. Rhd1
Nxe4 14. Kxe4 Bd7 15. Ne5 Bb5 16. a4 Ba6 17. b4 b6 18. f3 Bb7+ 19. Ke3 f6
20. Nc4 Ke7 21. Nd6 Bd5 22. c4 Kxd6 23. cxd5 exd5 24. Rd4 Rhe8+ 25. Kf2 Rac8
26. Rad1 Rc2+ 27. Kg3 Re5 28. h4 h5 29. R1d2 Rxd2 30. Rxd2 Re3 31. b5 Rc3
32. Kf4 Rc4+ 33. Kf5 Rxh4 34. g4 hxg4 35. fxg4 g6+ 36. Kxg6 Rxg4+ 37. Kxf6
Rxa4 38. Rb2 Kc5 39. Ke6 Re4+ 40. Kd7 d4 41. Kc7 d3 42. Rb3 Kc4 43. Rb1 d2
44. Kb7 Re7+ 45. Ka6 Re6 46. Rd1 Kd3 47. Rb1 Kc2 48. Ra1 d1=Q 49. Ra2+ Kb3
{White forfeits on time}
0-1

[Event "ICCopen2017"]
[Site "Internet Chess Club"]
[Date "2017.03.26"]
[Round "4"]
[White "DEHO"]
[Black "Magagna"]
[Result "1/2-1/2"]
[ICCResult "White ran out of time and Black has no material to mate"]
[WhiteElo "2061"]
[BlackElo "1685"]
[Opening "Nimzo-Indian: classical, 4...c5"]
[ECO "E38"]
[NIC "NI.22"]
[Time "19:41:00"]
[TimeControl "180+0"]

1. d4 Nf6 2. c4 e6 3. Nc3 Bb4 4. Qc2 c5 5. dxc5 Bxc5 6. Nf3 O-O 7. Bf4 Nc6
8. e3 b6 9. Be2 Bb7 10. O-O Qe7 11. Rad1 Rfd8 12. a3 d5 13. cxd5 Nxd5 14.
Nxd5 Rxd5 15. Rxd5 exd5 16. Rd1 Rd8 17. b4 Bd6 18. Bxd6 Rxd6 19. h3 Qf6 20.
Bb5 h6 21. Qd3 Ne5 22. Nxe5 Qxe5 23. Qd4 Qxd4 24. Rxd4 f5 25. f4 Kf7 26. Kf2
Ke6 27. g4 g6 28. gxf5+ gxf5 29. Ke2 Bc6 30. Bd3 a5 31. Bb1 Bb5+ 32. Bd3
Bxd3+ 33. Rxd3 Rc6 34. Kd2 axb4 35. axb4 Rc4 36. Rb3 d4 37. Kd3 Kd5 38. Rb1
dxe3 39. Kxe3 Re4+ 40. Kf3 b5 41. Rd1+ Kc4 42. Rd6 Kxb4 43. Rxh6 Kc3 44. Rf6
b4 45. Rxf5 Rc4 46. Rb5 b3 47. f5 b2 48. f6 Rb4 49. Rxb4 Kxb4 50. f7 b1=Q
51. f8=Q+ Kc3 52. Qc5+ Kb3 53. Qb5+ Kc2 54. Qxb1+ Kxb1 55. h4 Kc2 56. h5 Kc3
57. h6 Kd4 58. h7 Ke5 59. h8=Q+ Kd5 60. Qc3 Ke6 61. Ke4 Kd6 62. Qc4 Ke7 63.
Qc6 Kf7 64. Kf5 Ke7 65. Qc7+ Ke8
{White ran out of time and Black has no material to mate}
1/2-1/2

[Event "ICCopen2017"]
[Site "Internet Chess Club"]
[Date "2017.03.26"]
[Round "4"]
[White "brittabeast"]
[Black "wagnerbi"]
[Result "0-1"]
[ICCResult "White forfeits on time"]
[WhiteElo "1492"]
[BlackElo "1962"]
[Opening "Philidor's defense"]
[ECO "C41"]
[NIC "KP.10"]
[Time "19:41:23"]
[TimeControl "180+0"]

1. e4 e5 2. Nf3 d6 3. h3 Nd7 4. Bc4 c6 5. O-O Be7 6. Re1 Qc7 7. d4 Ngf6 8.
dxe5 dxe5 9. Nc3 Nb6 10. Bb3 Bd7 11. Be3 h6 12. Qe2 g5 13. Rad1 O-O-O 14. a4
Kb8 15. a5 Nc8 16. a6 b6 17. Bxf7 Nd6 18. Bb3 g4 19. hxg4 Nxg4 20. Nh2 Nf6
21. f4 Nfxe4 22. Nxe4 Nxe4 23. fxe5 Qxe5 24. Bd4 Bc5 25. Bxc5 Qxc5+ 26. Qe3
Bf5 27. Qxc5 Nxc5 28. Rxd8+ Rxd8 29. Re5 Bc8 30. Bc4 Rd1+ 31. Kf2 Rd2+ 32.
Re2 Rd4 33. b3 b5 34. Bd3 Nxd3+ 35. cxd3 Rxd3 36. Re3 Rd2+ 37. Kg3 Rd6 38.
Ng4 Bxa6 39. Re8+ Kc7 40. Re7+ Kb6 41. Rh7 Rd3+ 42. Kf4 Rxb3 43. Rxh6 Rb2
44. g3 b4 45. Ne5 b3 46. Rxc6+ Kb5 47. Rc7 Rb1 {White forfeits on time} 0-1

[Event "ICCopen2017"]
[Site "Internet Chess Club"]
[Date "2017.03.26"]
[Round "4"]
[White "playwaycool"]
[Black "FytinFrank"]
[Result "0-1"]
[ICCResult "White checkmated"]
[WhiteElo "2206"]
[BlackElo "1922"]
[Opening "Queen's pawn"]
[ECO "A40"]
[NIC "QO.17"]
[Time "19:41:47"]
[TimeControl "180+0"]

1. d4 c6 2. c4 f5 3. Nf3 Nf6 4. g3 e6 5. Bg2 d5 6. Nbd2 Bd6 7. b3 O-O 8. Bb2
Nbd7 9. O-O Ne4 10. Ne5 Qf6 11. f4 Qh6 12. e3 Ndf6 13. Nxe4 dxe4 14. h3 g5
15. a4 Bd7 16. a5 Be8 17. b4 Bxb4 18. Qb3 c5 19. dxc5 Bxc5 20. Ba3 Bxa3 21.
Rxa3 Bc6 22. a6 Rab8 23. Nxc6 bxc6 24. Qc3 Nh5 25. Kh2 Rfd8 26. Qe5 Rb2 27.
fxg5 Qxg5 28. Qxe6+ Kg7 29. Qe5+ Qf6 30. Qxf6+ Kxf6 31. g4 f4 32. exf4 Rdd2
33. Rg1 Nxf4 34. Kg3 Ne2+ 35. Kh4 Nxg1 36. Ra5 Rxg2 37. Rf5+ Kg6 38. Rg5+
Kf6 39. Rf5+ Ke6 40. Rh5 Nf3# {White checkmated} 0-1

[Event "ICCopen2017"]
[Site "Internet Chess Club"]
[Date "2017.03.26"]
[Round "4"]
[White "Dupinpon"]
[Black "atoz"]
[Result "1-0"]
[ICCResult "Black forfeits on time"]
[WhiteElo "1642"]
[BlackElo "1364"]
[Opening "Sicilian defense"]
[ECO "B20"]
[NIC "SI.48"]
[Time "19:41:26"]
[TimeControl "180+0"]

1. e4 c5 2. d3 g6 3. g3 Bg7 4. Bg2 Nc6 5. Nh3 d6 6. f3 e5 7. Nf2 Nge7 8. O-O
O-O 9. Na3 f5 10. c3 f4 11. g4 g5 12. Nc2 h5 13. gxh5 Qe8 14. Ng4 Qxh5 15.
h3 Bxg4 16. fxg4 Qh6 17. Qf3 Ng6 18. Bd2 Nh4 19. Qf2 Rf7 20. Be1 Ng6 21. Bf3
b5 22. Qh2 Bf6 23. Kf2 Kg7 24. Ke2 Rh8 25. Rh1 a5 26. h4 Nxh4 27. Bxh4 Qxh4
28. Qg2 Qg3 29. Qxg3 fxg3 30. Ne3 Rff8 31. Nf5+ Kg6 32. Rh5 Rxh5 33. gxh5+
Kh7 34. Rg1 Rd8 35. Rxg3 Ne7 36. Bg4 Nxf5 37. Bxf5+ Kh6 38. Bg4 d5 39. Rf3
Bg7 40. exd5 Rxd5 41. Ke3 e4 42. dxe4 Rd6 43. Rf5 Rc6 44. e5 b4 45. Ke4 bxc3
46. bxc3 {Black forfeits on time} 1-0

[Event "ICCopen2017"]
[Site "Internet Chess Club"]
[Date "2017.03.26"]
[Round "4"]
[White "Harmony1957"]
[Black "ylr5000"]
[Result "1-0"]
[ICCResult "Black forfeits on time"]
[WhiteElo "2083"]
[BlackElo "2286"]
[Opening "Ruy Lopez: Treybal (Bayreuth) variation (exchange var. deferred)"]
[ECO "C77"]
[NIC "RL.12"]
[Time "19:42:09"]
[TimeControl "180+0"]

1. e4 e5 2. Nf3 Nc6 3. Bb5 a6 4. Ba4 Nf6 5. Bxc6 dxc6 6. d3 Nd7 7. Nbd2 Be7
8. Nc4 f6 9. O-O c5 10. Nh4 O-O 11. Nf5 g6 12. Nxe7+ Qxe7 13. f4 b5 14. Na5
Qd6 15. Kh1 Rf7 16. Be3 exf4 17. Bxf4 Ne5 18. Qe1 Be6 19. Qf2 Qb6 20. Nb3
Bxb3 21. axb3 Nd7 22. Qg3 Rc8 23. Rf2 a5 24. Raf1 a4 25. h4 axb3 26. cxb3
Kh8 27. e5 Qe6 28. exf6 Rxf6 29. Be5 Qxe5 30. Qxe5 Nxe5 31. Rxf6 Nxd3 32.
Rf7 Nxb2 33. Re7 c4 34. bxc4 Nxc4 35. Rff7 {Black forfeits on time} 1-0

[Event "ICCopen2017"]
[Site "Internet Chess Club"]
[Date "2017.03.26"]
[Round "4"]
[White "tolialuisan"]
[Black "Athena2020"]
[Result "1-0"]
[ICCResult "Black forfeits on time"]
[WhiteElo "1511"]
[BlackElo "1093"]
[Opening "Pirc: classical, h3 system"]
[ECO "B08"]
[NIC "PU.10"]
[Time "19:41:44"]
[TimeControl "180+0"]

1. e4 d6 2. Nf3 Nf6 3. Nc3 g6 4. d4 Bg7 5. h3 O-O 6. Be3 Nc6 7. Qd2 e5 8.
O-O-O exd4 9. Nxd4 Nxd4 10. Bxd4 Be6 11. f4 Re8 12. Bd3 c5 13. Be3 a6 14. f5
Bd7 15. fxg6 hxg6 16. Bc4 b5 17. Bd5 Nxd5 18. Nxd5 b4 19. Bh6 Bd4 20. Rde1
Qa5 21. Kb1 Rab8 22. Qf4 Be5 23. Nf6+ Kh8 24. Qh4 Bxf6 25. Qxf6+
{Black forfeits on time}
1-0

[Event "ICCopen2017"]
[Site "Internet Chess Club"]
[Date "2017.03.26"]
[Round "4"]
[White "bumper10"]
[Black "Mad-Cobra"]
[Result "1-0"]
[ICCResult "Black checkmated"]
[WhiteElo "2195"]
[BlackElo "1856"]
[Opening "Queen's pawn game"]
[ECO "D02"]
[NIC "QP.08"]
[Time "19:41:26"]
[TimeControl "180+0"]

1. d4 d5 2. Nf3 e6 3. g3 f5 4. Bg2 Nf6 5. O-O h6 6. b3 c6 7. Ba3 Bxa3 8.
Nxa3 O-O 9. c4 Nbd7 10. e3 g6 11. Nc2 Kg7 12. Nce1 Re8 13. Nd3 Ne4 14. Nfe5
Nxe5 15. Nxe5 h5 16. Qc2 Qf6 17. f3 Nd6 18. e4 dxe4 19. fxe4 Rd8 20. Rad1 a5
21. a4 Nf7 22. Nf3 b6 23. Qc3 Bb7 24. e5 Qe7 25. Ne1 Rab8 26. Nd3 Ng5 27.
Nf4 Ne4 28. Bxe4 fxe4 29. Rfe1 c5 30. d5 exd5 31. cxd5 Kh7 32. Rxe4 Rf8 33.
Ree1 Rf5 34. Qe3 Rbf8 35. e6 Rd8 36. d6 Rxd6 37. Rxd6 Qxd6 38. e7 Qc6 39.
Qe4 Rxf4 40. gxf4 Qc7 41. e8=Q Bxe4 42. Rxe4 Kh6 43. Qf8+ Qg7 44. Qxg7+ Kxg7
45. Re6 c4 46. Rxb6 c3 47. Rc6 Kf7 48. Kf2 h4 49. Kf3 c2 50. Rxc2 Kf6 51.
Ke4 g5 52. Rc6+ Kf7 53. fxg5 h3 54. Kf5 Kg7 55. g6 Kh6 56. Rc7 Kh5 57. Rh7#
{Black checkmated}
1-0

[Event "ICCopen2017"]
[Site "Internet Chess Club"]
[Date "2017.03.26"]
[Round "4"]
[White "trianon"]
[Black "eltigrecu"]
[Result "0-1"]
[ICCResult "White forfeits on time"]
[WhiteElo "2275"]
[BlackElo "1962"]
[Opening "QGD Slav: Krause attack"]
[ECO "D17"]
[NIC "SL.04"]
[Time "19:40:59"]
[TimeControl "180+0"]

1. Nf3 d5 2. d4 Nf6 3. c4 c6 4. Nc3 dxc4 5. a4 Bf5 6. Ne5 Nbd7 7. Nxc4 e6 8.
g3 Bb4 9. Bg2 O-O 10. O-O Nb6 11. Ne5 Qc7 12. e4 Bg6 13. Qe2 Rad8 14. Rd1 a6
15. Bf4 Qe7 16. Nxg6 hxg6 17. Be3 Nbd7 18. Na2 Ba5 19. b4 Bc7 20. Rab1 e5
21. b5 exd4 22. Bxd4 c5 23. Ba1 a5 24. Nc3 Be5 25. Qc4 Bd4 26. Ne2 Nxe4 27.
Nxd4 cxd4 28. Qxd4 Nef6 29. Qa7 Qc5 30. Qxb7 Ne5 31. Qc6 Nxc6 32. bxc6 Rxd1+
33. Rxd1 Rc8 34. Bb2 Rxc6 35. Bxc6 Qxc6 36. Rf1 Qxa4 37. Bd4 Qxd4 38. Rb1
Ne4 39. Rf1 Nd2 {White forfeits on time} 0-1

[Event "ICCopen2017"]
[Site "Internet Chess Club"]
[Date "2017.03.26"]
[Round "4"]
[White "Mercury"]
[Black "EngHany"]
[Result "1-0"]
[ICCResult "Black forfeits on time"]
[WhiteElo "2162"]
[BlackElo "1841"]
[Opening "Caro-Kann: advance variation"]
[ECO "B12"]
[NIC "CK.04"]
[Time "19:40:59"]
[TimeControl "180+0"]

1. e4 c6 2. d4 d5 3. e5 Bf5 4. h4 h5 5. c4 e6 6. Nc3 Nd7 7. Nge2 Ne7 8. cxd5
cxd5 9. Ng3 Bg6 10. Be2 Nc6 11. Be3 Nb4 12. Rc1 a6 13. a3 Nc6 14. Nxh5 Bxh5
15. Bxh5 g6 16. Bf3 Rxh4 17. O-O Be7 18. g3 Rh7 19. Kg2 Qb6 20. Na4 Qb5 21.
Be2 Qa5 22. b4 Qc7 23. Nc5 Nxc5 24. bxc5 Qa5 25. Qb3 Qc7 26. Rb1 Nd8 27. Rb2
Kf8 28. Rfb1 Kg7 29. Qb6 Qd7 30. Qb4 Rb8 31. Qb6 Qe8 32. Bxa6 Qh8 33. Bf1
Rh2+ 34. Kf3 Qh5+ 35. g4 Qh4 36. Bf4 Qxf2+ 37. Rxf2 Nc6 38. Qxc6 Rxf2+ 39.
Kxf2 bxc6 40. Rxb8 g5 41. Kf3 gxf4 42. Rb7 Bh4 43. a4 Be1 44. Ra7 Bc3 45. a5
Bxd4 46. a6 Bxc5 47. Rb7 d4 48. a7 Bxa7 49. Rxa7 d3 50. Rc7 d2 51. Be2 c5
52. Bd1 c4 53. Rxc4 Kg6 54. Rxf4 Kg7 55. Rf6 Kf8 56. g5 Ke7 57. Ke3 Kf8 58.
Kxd2 Ke7 59. Bh5 Kd7 60. Rxf7+ Kc6 61. Rf6 Kd5 62. g6 Kxe5 63. g7
{Black forfeits on time}
1-0

[Event "ICCopen2017"]
[Site "Internet Chess Club"]
[Date "2017.03.26"]
[Round "4"]
[White "leonardoalmeida"]
[Black "Massada"]
[Result "1-0"]
[ICCResult "Black forfeits on time"]
[WhiteElo "1801"]
[BlackElo "1533"]
[Opening "Van't Kruijs opening"]
[ECO "A00"]
[Time "19:41:53"]
[TimeControl "180+0"]

1. e3 d5 2. b3 Nf6 3. Bb2 g6 4. Be2 Bg7 5. a3 Nc6 6. Nf3 Bg4 7. d4 O-O 8.
Nbd2 Ne4 9. Nxe4 dxe4 10. Nd2 Bxe2 11. Qxe2 e5 12. Nxe4 exd4 13. Rd1 Re8 14.
Qf3 Qe7 15. Ng3 dxe3 16. Bxg7 exf2+ 17. Kxf2 Kxg7 18. Rhe1 Qc5+ 19. Kf1 Qxc2
20. h4 Ne5 21. Qd5 Rad8 22. Qxd8 Rxd8 23. Rxd8 Ng4 24. Ne4 Qxb3 25. Rd2 Qb6
26. h5 Nh2+ 27. Ke2 f5 28. hxg6 {Black forfeits on time} 1-0

[Event "ICCopen2017"]
[Site "Internet Chess Club"]
[Date "2017.03.26"]
[Round "4"]
[White "institutano"]
[Black "wmanthony"]
[Result "0-1"]
[ICCResult "White forfeits on time"]
[WhiteElo "1748"]
[BlackElo "1346"]
[Opening "QGD: Ragozin variation"]
[ECO "D38"]
[NIC "NI.27"]
[Time "19:43:07"]
[TimeControl "180+0"]

1. d4 Nf6 2. c4 e6 3. Nf3 d5 4. Nc3 Bb4 5. Qb3 Bxc3+ 6. Qxc3 Ne4 7. Qa3 Qe7
8. b3 Nc6 9. e3 O-O 10. Ne5 Qb4+ 11. Qxb4 Nxb4 {White forfeits on time} 0-1

[Event "ICCopen2017"]
[Site "Internet Chess Club"]
[Date "2017.03.26"]
[Round "4"]
[White "LarryDavidson55"]
[Black "uptonjr"]
[Result "0-1"]
[ICCResult "White forfeits on time"]
[WhiteElo "1238"]
[BlackElo "1754"]
[Opening "English opening"]
[ECO "A05"]
[NIC "QP.11"]
[Time "19:41:53"]
[TimeControl "180+0"]

1. Nf3 Nf6 2. c4 g6 3. g3 Bg7 4. Bg2 O-O 5. b4 Ne4 6. d4 a5 7. b5 c5 8. Bb2
d6 9. Qc2 d5 10. O-O cxd4 11. Nxd4 e5 12. Nf3 Re8 13. c5 Nd7 14. Ba3 Qc7 15.
c6 bxc6 16. bxc6 Nb8 17. Rc1 Na6 18. Nbd2 Nxd2 19. Nxd2 e4 20. Rab1 Rb8 21.
Rb3 Nb4 22. Bxb4 Rxb4 23. a3 Rxb3 24. Nxb3 Ba6 25. e3 Bc4 26. Nd4 Bxd4 27.
exd4 Qxc6 28. f3 exf3 29. Bxf3 Rb8 30. Qd2 Qa4 31. Qg5 Qxa3 32. Re1 Qxf3
{White forfeits on time}
0-1

[Event "ICCopen2017"]
[Site "Internet Chess Club"]
[Date "2017.03.26"]
[Round "4"]
[White "MDRAFE3"]
[Black "gannikus1992"]
[Result "0-1"]
[ICCResult "White resigns"]
[WhiteElo "1962"]
[BlackElo "2367"]
[Opening "Queen's Pawn"]
[ECO "A41"]
[NIC "QO.17"]
[Time "19:42:00"]
[TimeControl "180+0"]

1. d4 d6 2. Nf3 g6 3. g3 Bg7 4. Bg2 Nf6 5. O-O O-O 6. a4 a5 7. Nc3 Na6 8. e4
Bg4 9. h3 Bxf3 10. Qxf3 e5 11. dxe5 dxe5 12. Be3 c6 13. Rfd1 Qc7 14. Qe2
Rfe8 15. Nb1 Nd7 16. Nd2 Bf8 17. Nc4 Bc5 18. h4 Nf8 19. h5 Ne6 20. c3 Rad8
21. Bh3 Bxe3 22. Qxe3 Nac5 23. hxg6 hxg6 24. Bxe6 Nxe6 25. Qb6 Qxb6 26. Nxb6
Nc5 27. Nc4 Nxe4 28. Nxa5 Rxd1+ 29. Rxd1 Ra8 30. Nxb7 Rxa4 31. Re1 f5 32. f3
Nxg3 33. Rxe5 Ra2 34. Kg2 Nh5 35. Rc5 Rxb2+ 36. Kg1 Rxb7 37. Rxc6 Kg7 38. c4
Rb2 39. c5 Rc2 40. Rc7+ Kf6 41. Rc8 Kg5 42. c6 Kf4 43. c7 Ng3 44. Rd8 Rxc7
45. Rd1 Kxf3 46. Ra1 f4 47. Ra3+ Kg4 48. Ra1 g5 49. Rb1 Rc4 50. Ra1 f3 51.
Rb1 Rf4 52. Rf1 Nxf1 53. Kxf1 f2 {White resigns} 0-1

[Event "ICCopen2017"]
[Site "Internet Chess Club"]
[Date "2017.03.26"]
[Round "4"]
[White "OTBB"]
[Black "devotional"]
[Result "0-1"]
[ICCResult "White forfeits on time"]
[WhiteElo "1586"]
[BlackElo "2063"]
[Opening "QGD Slav defense: exchange variation"]
[ECO "D10"]
[NIC "SL.01"]
[Time "19:41:56"]
[TimeControl "180+0"]

1. d4 d5 2. c4 c6 3. cxd5 cxd5 4. Nc3 Nc6 5. Bf4 Nf6 6. e3 a6 7. Bd3 Bg4 8.
Nge2 e6 9. O-O Bd6 10. f3 Bh5 11. Rc1 O-O 12. a3 Bg6 13. Bxd6 Qxd6 14. Nf4
Bxd3 15. Nxd3 e5 16. dxe5 Nxe5 17. Nxe5 Qxe5 18. Qd4 Rfe8 19. Rfe1 Rac8 20.
Rcd1 Rcd8 21. Rd2 Qh5 22. Rde2 h6 23. Qf4 Re7 24. Rd2 Kh7 25. Rd4 Red7 26.
Red1 Qg6 27. e4 dxe4 28. Rxd7 Rxd7 29. Rxd7 Nxd7 30. Nxe4 Qb6+ 31. Kf1 Qb5+
32. Ke1 Ne5 33. Qf5+ g6 34. Qc8 Qxb2 35. Nf6+ Kg7 36. Ne8+ Kf8 37. Nf6+ Ke7
38. Nd5+ Kd6 39. Qd8+ Kc5 40. Nb4 Qc1+ 41. Kf2 Nc6 42. Nd3+ Kb5 43. Qd5+ Kb6
44. Nxc1 f5 45. Qf7 Ne5 46. Qxg6+ Nxg6 47. Nd3 f4 48. Nxf4 Nxf4 49. g4 Nd3+
50. Ke3 Ne5 {White forfeits on time} 0-1

[Event "ICCopen2017"]
[Site "Internet Chess Club"]
[Date "2017.03.26"]
[Round "4"]
[White "TrendFriend"]
[Black "arsam"]
[Result "0-1"]
[ICCResult "White resigns"]
[WhiteElo "2441"]
[BlackElo "2700"]
[Opening "Sicilian"]
[ECO "B50"]
[NIC "SI.01"]
[Time "19:42:00"]
[TimeControl "180+0"]

1. e4 c5 2. Nf3 d6 3. Nc3 Nf6 4. e5 dxe5 5. Nxe5 Nbd7 6. Nc4 Nb6 7. Ne5 Nbd7
8. Nc4 Qc7 9. g3 a6 10. Bg2 Rb8 11. a4 b5 12. axb5 axb5 13. Na5 b4 14. Ne2
e6 15. O-O Bd6 16. d3 O-O 17. Nc4 Be7 18. Bf4 e5 19. Bg5 Bb7 20. Nc1 Bxg2
21. Kxg2 Rfe8 22. Nb3 e4 23. Bxf6 Bxf6 24. Re1 Qc6 25. Kg1 exd3 26. Qxd3 Ne5
27. Nxe5 Bxe5 28. Na5 Qf6 29. Nc4 Bxb2 30. Rxe8+ Rxe8 31. Rf1 Bd4 32. Kg2 g6
33. Qf3 Qe6 34. Qd3 h5 35. f3 h4 36. Nd2 h3+ 37. Kh1 Qe2 38. Qxe2 Rxe2 39.
Rd1 Bc3 40. Ne4 Rxc2 41. Nxc5 Kg7 42. g4 Be5 43. f4 Bxf4 44. Nd3 Rxh2+ 45.
Kg1 Rg2+ 46. Kf1 Be3 47. Ne1 Rg1+ 48. Ke2 h2 49. Nf3 Rxd1 50. Nxh2 Rd2+
{White resigns}
0-1

[Event "ICCopen2017"]
[Site "Internet Chess Club"]
[Date "2017.03.26"]
[Round "4"]
[White "rugsy"]
[Black "MrNobody84"]
[Result "0-1"]
[ICCResult "White checkmated"]
[WhiteElo "1426"]
[BlackElo "1680"]
[Opening "Sicilian: Alapin's variation (2.c3)"]
[ECO "B22"]
[NIC "SI.47"]
[Time "19:41:33"]
[TimeControl "180+0"]

1. e4 c5 2. c3 Nf6 3. e5 Nd5 4. d4 cxd4 5. cxd4 Nc6 6. Bc4 Nb6 7. Bb3 d6 8.
Bf4 e6 9. exd6 Bxd6 10. Bxd6 Qxd6 11. Nf3 O-O 12. O-O a5 13. Bc2 Rd8 14.
Bxh7+ Kxh7 15. Ng5+ Kg6 16. f4 Qxd4+ 17. Qxd4 Rxd4 18. g3 f6 19. Nf3 Rb4 20.
b3 a4 21. Nbd2 axb3 22. Nxb3 Nd5 23. Nh4+ Kf7 24. Rfd1 Ne3 25. Rd6 Rxb3 26.
Re1 Rxa2 27. f5 exf5 28. Nxf5 Bxf5 29. Rf1 Rg2+ 30. Kh1 Be4 31. Rf3 Rb1+ 32.
Rd1 Rxd1+ 33. Rf1 Rxf1# {White checkmated} 0-1

[Event "ICCopen2017"]
[Site "Internet Chess Club"]
[Date "2017.03.26"]
[Round "4"]
[White "Lzmann"]
[Black "M-Ezat"]
[Result "0-1"]
[ICCResult "White forfeits on time"]
[WhiteElo "1597"]
[BlackElo "2192"]
[Opening "King's Indian: Four pawns attack, dynamic line"]
[ECO "E76"]
[NIC "KI.31"]
[Time "19:41:51"]
[TimeControl "180+0"]

1. d4 Nf6 2. c4 g6 3. Nc3 Bg7 4. e4 d6 5. f4 O-O 6. Nf3 c5 7. d5 e5 8. f5
gxf5 9. exf5 Bxf5 10. Nh4 Bg6 11. Bg5 Qa5 12. Be2 Ne4 13. Bd2 Nxd2 14. Qxd2
Nd7 15. O-O f5 16. Nxg6 hxg6 17. g4 f4 18. Bd3 Nf6 19. Bxg6 Nxg4 20. Qd3 Rf6
21. Bf5 Ne3 22. Be6+ Kf8 23. Rf3 Ke7 24. Kh1 Rh8 25. Rg1 Bf8 26. Rf2 Qb4 27.
Rg6 Qxc4 28. Qxc4 Nxc4 29. Rxf6 Kxf6 30. Ne4+ Ke7 31. Ng5 Ne3 32. h3 Bh6 33.
Nf3 e4 34. Nd2 Nxd5 35. Nxe4 Nf6 36. Bf5 Nxe4 37. Bxe4 b5 38. Kh2 Kf6 39.
Bd3 c4 40. Be2 d5 {White forfeits on time} 0-1

[Event "ICCopen2017"]
[Site "Internet Chess Club"]
[Date "2017.03.26"]
[Round "4"]
[White "Sebs"]
[Black "Morad-Magdy"]
[Result "1-0"]
[ICCResult "Black forfeits on time"]
[WhiteElo "2966"]
[BlackElo "2031"]
[Opening "QGD semi-Slav: Meran variation"]
[ECO "D47"]
[NIC "SL.09"]
[Time "19:42:04"]
[TimeControl "180+0"]

1. d4 d5 2. c4 c6 3. Nf3 Nf6 4. Nc3 e6 5. e3 Nbd7 6. Bd3 dxc4 7. Bxc4 b5 8.
Bd3 Bd6 9. O-O O-O 10. a3 e5 11. d5 cxd5 12. Bxb5 e4 13. Nd4 Ne5 14. h3 Qe7
15. Nce2 a6 16. Ba4 Nd3 17. Nc6 Qe6 18. Ned4 Qe8 19. b4 Bd7 20. Ra2 Rc8 21.
Rc2 h5 22. f4 exf3 23. Qxd3 fxg2 24. Rxg2 Bxc6 25. Bxc6 Rxc6 26. Nxc6 Qxc6
27. Bb2 Be7 28. Qf5 Qe6 29. Qg5 g6 30. Bxf6 Bxf6 31. Rxf6 Qe4 32. Kh2 Kg7
33. Rf4 Qe6 34. Qxh5 Rh8 35. Qg4 Qxe3 36. Rxf7+ Kxf7 37. Qxg6+ Ke7 38. Qg7+
Kd6 39. Qxh8 Qf4+ 40. Kg1 Qc1+ 41. Kf2 Qf4+ 42. Ke2 {Black forfeits on time}
1-0

[Event "ICCopen2017"]
[Site "Internet Chess Club"]
[Date "2017.03.26"]
[Round "4"]
[White "chuckechess"]
[Black "alejandrorios"]
[Result "1-0"]
[ICCResult "Black resigns"]
[WhiteElo "2493"]
[BlackElo "1971"]
[Opening "English: Caro-Kann defensive system"]
[ECO "A11"]
[NIC "EO.64"]
[Time "19:41:57"]
[TimeControl "180+0"]

1. c4 c6 2. g3 d5 3. Bg2 Nf6 4. Nf3 e6 5. b3 Nbd7 6. O-O Bd6 7. Bb2 O-O 8.
e3 Re8 9. d4 dxc4 10. bxc4 e5 11. Nc3 exd4 12. exd4 Bf8 13. Qd3 Nb6 14. Rfe1
Bg4 15. Ne5 Be6 16. Ne4 Nxe4 17. Bxe4 g6 18. Bg2 f6 19. c5 Na4 20. Nc4 Nxb2
21. Nxb2 Qd7 22. Rad1 Rad8 23. Qc3 Bg7 24. Nc4 Bf8 25. a4 Qf7 26. Ne3 Rd7
27. d5 cxd5 28. Nxd5 Bg7 29. Nf4 Rxd1 30. Rxd1 Kh8 31. Nxe6 Qxe6 32. Bxb7 f5
33. Qd2 Be5 34. c6 Re7 35. Qd8+ Kg7 36. Rd7 Kf7 37. Bc8 Rxd7 38. Bxd7 Qe7
39. c7 Bxc7 40. Qxc7 Qe1+ 41. Kg2 Qe4+ 42. Kf1 Qd3+ 43. Ke1 Qe4+ 44. Kd2
Qd3+ 45. Kxd3 {Black resigns} 1-0